 Dungeon Crawl Stone Soup version 0.24.0-123-gd5b16e6ec5 (webtiles) character file.

Game seed: 15635497028362097614, levelgen mode: deterministic

6430 DroneSA the Fighter (level 11, -4/73 HPs)
             Began as a Kobold Hunter on Jan 8, 2020.
             Was an Elder of Cheibriados.
             Slain by a wolf (10 damage)
             ... on level 1 of the Lair of Beasts.
             The game lasted 01:02:58 (8751 turns).

DroneSA the Fighter (Kobold Hunter)                 Turns: 8751, Time: 01:02:59

Health: -4/73      AC:  6    Str: 22    XL:     11   Next: 18%
Magic:  11/11      EV: 24    Int: 21    God:    Cheibriados [****..]
Gold:   395        SH:  0    Dex: 27    Spells: 10/10 levels left

rFire    + . .     SeeInvis .   n - +3 flail (holy)
rCold    + . .     Gourm    .   (shield restricted)
rNeg     . . .     Faith    .   t - +3 leather armour {MR+}
rPois    .         Spirit   .   (no helmet)
rElec    .         Reflect  .   B - scarf {rC+ rF+}
rCorr    .         Harm     .   (no gloves)
MR       +....     Rnd*Tele +   (no boots)
Stlth    ++........             (no amulet)
HPRegen  0.22/turn              k - ring of stealth
MPRegen  0.12/turn              r - +3 ring of slaying

@: confused, about to teleport, marked, very slow
A: small, hooves 1, blurry vision 1, carnivore, strong 1, teleportitis 1
a: Bend Time, Temporal Distortion, Slouch, Renounce Religion


You were on level 1 of the Lair of Beasts.
You worshipped Cheibriados.
Cheibriados was greatly pleased with you.
You were not hungry.

You visited 2 branches of the dungeon, and saw 10 of its levels.

You collected 395 gold pieces.

Inventory:

Hand Weapons
 a - a +2 hand crossbow
 b - a +0 short sword
 n - a +3 flail of holy wrath (weapon)
 p - a +2 dagger of draining
 C - a +6 short sword
Missiles
 d - 63 bolts
 H - 15 poisoned darts (quivered)
Armour
 c - a +2 leather armour
 t - a +3 leather armour of magic resistance (worn)
 y - a +1 leather armour of poison resistance
 B - a scarf of resistance (worn)
Jewellery
 j - an uncursed ring of magical power {unknown}
 k - a ring of stealth (left hand)
 r - a +3 ring of slaying (right hand)
Wands
 q - a wand of polymorph (13)
 z - a wand of random effects (20)
 D - a wand of paralysis (6)
Scrolls
 e - 4 scrolls of remove curse
 l - 2 scrolls of blinking
 o - 3 scrolls of teleportation
 u - a scroll of brand weapon {unknown}
 v - a scroll of fog {unknown}
 F - 6 scrolls of identify
Potions
 i - a potion of mutation
 m - a potion of brilliance
 s - 2 potions of flight
 x - a potion of magic {unknown}
 A - a potion of haste {unknown}
 E - a potion of ambrosia
 G - a potion of invisibility
Comestibles
 f - 8 rations


   Skills:
 + Level 10.9 Fighting
 + Level 0.5 Short Blades
 + Level 4.4 Maces & Flails
 - Level 10.1 Crossbows
 + Level 4.2 Armour
 + Level 8.5 Dodging
 + Level 4.6 Stealth
 + Level 0.7 Unarmed Combat
 + Level 0.1 Invocations


You had 10 spell levels left.
You didn't know any spells.
Your spell library contained the following spells:

 Spells                   Type           Power        Failure   Level  Hunger
 Confusing Touch          Hex            #.....       21%         1    ##.....
 Confuse                  Hex            #.......     52%         3    ####...
 Gell's Gravitas          Tloc           #.........   52%         3    ####...
 Petrify                  Tmut/Erth      #.......     90%         4    #####..
 Metabolic Englaciation   Hex/Ice        #.........   99%         5    ######.
 Yara's Violent Unravell  Hex/Tmut       #.........   99%         5    ######.


Dungeon Overview and Level Annotations

Branches:
Dungeon (9/15)             Temple (0/1) D:7            Lair (1/6) D:9
    Orc: D:9-12

Altars:
Cheibriados
Dithmenos
Fedhas
Kikubaaqudgha
Makhleb
Okawaru
Qazlal
Trog
Xom
Yredelemnul
The Shining One

Annotations:
D:3 Natasha
Lair:1 exclusion: oklob plant


Innate Abilities, Weirdness & Mutations

You are small and have problems with some larger weapons.
You are carnivorous and can eat meat at any time.
You have large cloven feet.
Scrolls take you a little longer to read.
Your muscles are strong. (Str +2)
You are occasionally teleported next to monsters.


Message History

The wolf completely misses you. The water moccasin misses you.
The wolf completely misses you.
You begin reading the scroll.
You continue reading the scroll.
The wolf barely misses you.
The wolf pauses to sniff the ground.
The water moccasin completely misses you.
The wolf bites you.
* * * LOW HITPOINT WARNING * * *
The yak gores you.
* * * LOW HITPOINT WARNING * * *
The wolf closely misses you.
The water moccasin completely misses you.
As you read the scroll of teleportation, it crumbles to dust.
You feel strangely unstable.
You are confused.
You feel invigorated. The wolf bites you but does no damage.
The wolf completely misses you. The yak gores you.
* * * LOW HITPOINT WARNING * * *
The wolf bites you!
You die...

#.... ####...# #########
#.##...#####P##.##P######.
..........................
..........................
..........................
........P....†...........$
.####..####†.....h....###
#..# #....h@hH...# #..#
#....hSY....# #..#
#.......Y...# ##..#
##........(..##
#...##.#.........H..#
#P......h..####.#Y.##
###.........# ###..#
#............ ..H.
#.......... ..


You could see 3 hippogriffs, 3 yaks, a water moccasin and 5 wolves.

Vanquished Creatures
  3 spiny frogs (Lair:1)
  A troll (D:9)
  2 hippogriffs (Lair:1)
  A yak (Lair:1)
  2 basilisks (Lair:1)
  Eustachio (D:5)
  Menkaure (D:7)
  2 soldier ants (D:9)
  3 porcupines (Lair:1)
  Edmund (D:5)
  3 water moccasins
  3 orc warriors
  A sky beast (D:8)
  An ice beast (D:7)
  A black bear (D:9)
  2 phantoms
  A wolf (Lair:1)
  A centaur (D:6)
  2 crocodiles (Lair:1)
  A big kobold (D:7)
  2 bullfrogs
  Blork the orc (D:5)
  2 scorpions
  13 wights
  5 crimson imps
  3 centaur skeletons
  3 hounds
  A gnoll shaman (D:5)
  4 orc priests
  A bullfrog zombie (D:7)
  2 jellies
  5 orc wizards
  2 bullfrog skeletons
  Terence (D:3)
  2 iguanas
  Natasha (D:3)
  3 worker ants
  A killer bee zombie (D:9)
  2 hound zombies
  3 hound skeletons
  A howler monkey zombie (D:3)
  A mummy (D:6)
  8 gnolls
  14 adders
  2 shadow imps (D:5)
  3 oozes
  An adder zombie (D:9)
  A worm (D:9)
  2 dart slugs
  7 leopard geckos
  38 orcs
  2 ball pythons
  7 bats
  6 giant cockroaches
  8 goblins
  7 hobgoblins
  10 jackals
  3 quokkas
  5 frilled lizards
  A jackal zombie (D:8)
  9 kobolds
  A leopard gecko skeleton (D:5)
  3 quokka skeletons
  A quokka zombie (D:9)
  5 rats
236 creatures vanquished.

Notes
Turn   | Place    | Note
-------+----------+-------------------------------------------
     0 | D:1      | DroneSA the Kobold Hunter began the quest for the Orb.
     0 | D:1      | Reached XP level 1. HP: 12/12 MP: 1/1
    78 | D:1      | Reached skill level 5 in Crossbows
    78 | D:1      | Reached XP level 2. HP: 17/17 MP: 2/2
   359 | D:1      | Reached XP level 3. HP: 21/21 MP: 3/3
  1116 | D:2      | Reached XP level 4. HP: 27/27 MP: 4/4
  1158 | D:2      | Found a shimmering altar of Xom.
  1575 | D:3      | Reached XP level 5. HP: 25/31 MP: 5/5
  1635 | D:3      | Found a stormy altar of Qazlal.
  1799 | D:3      | Noticed Natasha
  1805 | D:3      | Killed Natasha
  1806 | D:3      | Noticed Terence
  1811 | D:3      | Killed Terence
  1884 | D:3      | Noticed Natasha
  2013 | D:3      | Reached XP level 6. HP: 37/37 MP: 6/6
  3020 | D:4      | Reached XP level 7. HP: 41/41 MP: 7/7
  3160 | D:4      | Found a bloodstained altar of Trog.
  3162 | D:4      | Found a blossoming altar of Fedhas.
  3486 | D:5      | Entered Level 5 of the Dungeon
  3486 | D:5      | Noticed Edmund
  3513 | D:5      | Killed Edmund
  3989 | D:5      | Reached skill level 1 in Armour
  4068 | D:5      | Noticed Eustachio
  4101 | D:5      | Killed Eustachio
  4101 | D:5      | Reached XP level 8. HP: 33/48 MP: 8/8
  4325 | D:5      | Noticed Blork the orc
  4337 | D:5      | Killed Blork the orc
  4641 | D:6      | Reached skill level 1 in Maces & Flails
  4777 | D:6      | Reached skill level 5 in Fighting
  5009 | D:6      | Reached skill level 10 in Crossbows
  5162 | D:6      | Reached XP level 9. HP: 45/55 MP: 9/9
  5285 | D:6      | Found a snail-covered altar of Cheibriados.
  5304 | D:6      | Became a worshipper of Cheibriados the Contemplative
  5939 | D:7      | Found a glowing golden altar of the Shining One.
  5984 | D:7      | Reached * piety under Cheibriados
  5992 | D:7      | Reached skill level 5 in Dodging
  6110 | D:7      | Found a staircase to the Ecumenical Temple.
  6227 | D:7      | Noticed Menkaure
  6230 | D:7      | Killed Menkaure
  6505 | D:8      | Reached ** piety under Cheibriados
  6697 | D:8      | Found a basalt altar of Yredelemnul.
  6843 | D:8      | Reached XP level 10. HP: 65/65 MP: 10/10
  6938 | D:8      | Found an ancient bone altar of Kikubaaqudgha.
  6938 | D:8      | Found a burning altar of Makhleb.
  7045 | D:8      | Found an iron altar of Okawaru.
  7299 | D:9      | Reached *** piety under Cheibriados
  7725 | D:9      | Found a shadowy altar of Dithmenos.
  7811 | D:9      | Found a staircase to the Lair.
  8412 | D:9      | Gained mutation: Scrolls take you a little longer to read.
                  | [potion of mutation]
  8412 | D:9      | Gained mutation: You have large cloven feet. [potion of
                  | mutation]
  8412 | D:9      | Gained mutation: You are occasionally teleported next to
                  | monsters. [potion of mutation]
  8412 | D:9      | Gained mutation: Your muscles are strong. (Str +2) [potion
                  | of mutation]
  8414 | Lair:1   | Entered Level 1 of the Lair of Beasts
  8414 | Lair:1   | Noticed a spiny frog
  8418 | Lair:1   | Killed a spiny frog
  8418 | Lair:1   | Reached skill level 10 in Fighting
  8495 | Lair:1   | Noticed an oklob plant
  8516 | Lair:1   | Reached **** piety under Cheibriados
  8548 | Lair:1   | Noticed a spiny frog
  8553 | Lair:1   | Killed a spiny frog
  8598 | Lair:1   | Reached XP level 11. HP: 73/73 MP: 11/11
  8751 | Lair:1   | Slain by a wolf

Levels and vault maps discovered:
D:1:      minmay_arrival_jagged, layout_loops_ring, serial_co_window_serial,
          co_window_paths_a, co_window_paths_a, co_window_corner_a,
          co_window_of_opportunity_a, co_window_paths_a,
          co_window_of_opportunity_a, co_window_corner_a, co_window_broadway_c,
          co_window_unsneaky_path_e, co_window_corner_b, glass_columns_b
D:2:      layout_rooms, lemuel_crystal_altar
D:3:      layout_basic, nicolae_qazlal_general_emergency, minmay_goblin_outpost,
          uniq_natasha, uniq_terence
D:4:      layout_layer_cave, minitemple, first_ration
D:5:      layout_cave_pods, hangedman_decor_slide_cut, uniq_blork_the_orc,
          uniq_eustachio, uniq_edmund
D:6:      layout_rooms, slow_altar_2
D:7:      layout_basic, minmay_temple_entry_waves, nicolae_tso_carved_into_rock,
          uniq_menkaure
D:8:      layout_rooms, kennysheep_mini,
          chequers_temple_overflow_statue_of_worship,
          lemuel_coloured_pillars_altar
D:9:      layout_rooms, lemuel_doored_altar, lair_entry_dummy,
          hangedman_pestilent_swarm, minmay_misc_feat_encased,
          chequers_serial_rivers_micro_e
Lair:1:   wander_river, layout_small_grid, ebering_ghost_xom,
          minmay_lair_oklob_chamber

Skill      XL: |  1  2  3  4  5  6  7  8  9 10 11 |
---------------+----------------------------------+-----
Crossbows      | 5 6 7 9 10 | 10.1
Dodging        | 3 4 5 8 |  8.5
Fighting       | 3 4 5 8 10 | 10.9
Stealth        | 2 3 4 |  4.6
Armour         | 1 2 3 4 |  4.2
Maces & Flails | 1 2 3 4 |  4.4
Short Blades   | |  0.5
Unarmed Combat | |  0.7
Invocations    | |  0.1

Action                   |  1- 3 |  4- 6 |  7- 9 | 10-12 || total
-------------------------+-------+-------+-------+-------++-------
Melee: Short sword       |       |    27 |       |       ||    27
       Unarmed           |       |       |    19 |       ||    19
       Flail             |       |       |    10 |    56 ||    66
       Punch             |       |       |       |     3 ||     3
       Hand crossbow     |       |       |       |     1 ||     1
       Kick              |       |       |       |    10 ||    10
 Fire: Hand crossbow     |    51 |   145 |   301 |   178 ||   675
Invok: Bend Time         |       |       |       |     1 ||     1
  Use: Scroll            |       |     6 |    11 |     6 ||    23
       Potion            |       |     2 |     5 |     9 ||    16
 Stab: Sleeping          |       |       |       |     1 ||     1
       Fleeing           |       |       |       |     1 ||     1
  Eat: Ration            |       |     4 |     5 |     1 ||    10
Armor: Leather armour    |     2 |    28 |    33 |    38 ||   101
Dodge: Dodged            |    22 |    90 |   152 |   257 ||   521
